 Dungeon Crawl Stone Soup version 0.28-a0-422-gd71735cc25 (webtiles) character file.

Game seed: 10556763979632296494

137 robertstho the Magician (level 5, 0/37 HPs)
             Began as a Djinni Fire Elementalist on Sept 8, 2021.
             Was an Initiate of Gozag.
             Slain by an orc (9 damage)
             ... on level 3 of the Dungeon.
             The game lasted 00:02:35 (3243 turns).

robertstho the Magician (Djinni Fire Elementalist)  Turns: 3243, Time: 00:02:35

Health: 0/37       AC:  2    Str:  7    XL:     5   Next: 43%
Gold:   268        EV: 12    Int: 18    God:    Gozag SH:  0 Dex: 13

rFire   + + .      SeeInvis .   d - +0 short sword
rCold   x . .      Faith    .   (no shield)
rNeg    . . .      Spirit   .   a - +0 robe
rPois   ∞          Reflect  .   (no helmet)
rElec   .          Harm     .   (no cloak)
rCorr   .          Rampage  .   (no gloves)
Will    .....                   (boots unavailable)
Stlth   ++........              (no amulet)
HPRegen 0.12/turn               (no ring)
MPRegen 0.00/turn               (no ring)

@: gold aura, flying
A: sickness immunity, fire resistance 2, cold vulnerability 1, float, innate
caster, hp casting, extra vitality 1
a: Renounce Religion, Potion Petition, Call Merchant, Bribe Branch


You were on level 3 of the Dungeon.
You worshipped Gozag.
Gozag was aware of your devotion.
You visited 1 branch of the dungeon, and saw 3 of its levels.

You collected 286 gold pieces.
You paid 18 gold pieces to Gozag.

Inventory:

Hand Weapons
 d - a +0 short sword (weapon)
Armour
 a - a +0 robe (worn)
Scrolls
 b - a scroll of identify {unknown}
 c - a scroll of enchant weapon {unknown}
 g - a scroll of teleportation {unknown}
 h - a scroll of fear {unknown}
 i - a scroll of enchant armour {unknown}
Potions
 e - a potion of attraction {unknown}
 f - a potion of might {unknown}


   Skills:
 * Level 1.1 Fighting
 + Level 2.2 Dodging
 + Level 2.0 Stealth
 * Level 4.1 Spellcasting


You couldn't memorise any spells.
You knew the following spells:

 Your Spells              Type           Power      Damage    Failure   Level
a - Foxfire               Conj/Fire      72%        2x1d7     2%          1
b - Scorch                Fire           36%        2d6       4%          2
c - Conjure Flame         Conj/Fire      18%        6-21      8%          3
d - Inner Flame           Hex/Fire       18%        N/A       8%          3
e - Flame Wave            Conj/Fire      18%        3d5       26%         4
f - Freeze                Ice            72%        1d9       2%          1
g - Corpse Rot            Necr/Air       N/A        N/A       4%          2
Your spell library was empty.

Dungeon Overview and Level Annotations

Branches:
Dungeon (3/15)

Altars:
Gozag

Annotations:
D:3 Ijyb


Innate Abilities, Weirdness & Mutations

You are immune to sickness and miasma.
You are immune to poison.
Your flesh is very heat resistant. (rF++)
You are vulnerable to cold. (rC-)
You float through the air rather than walking.
You learn spells naturally, not from books.
Your magical power is your life essence.
You have superior vitality. (+4 HP)


Message History

Confirm with . or Enter, or press ? or * to list all spells.
Flames lash the orc wizard.
The orc wizard is moderately wounded.
The orc wizard's fire resistance burns away.
The orc wizard mumbles some strange words.
The orc wizard flickers and vanishes!
Deactivating autopickup; reactivate with Ctrl-A.
The orc hits you with a +0 war axe.
Casting: Scorch (safe; 4% risk of failure)
Confirm with . or Enter, or press ? or * to list all spells.
Flames lash something.
Reactivating autopickup.
You feel a bit more experienced. The orc barely misses you.
Your Spellcasting skill increases to level 4!
Unknown command.
Casting: Scorch (safe; 4% risk of failure)
Confirm with . or Enter, or press ? or * to list all spells.
Flames lash the orc.
You kill the orc!
The orc is no longer more vulnerable to fire.
Ijyb the Twisted Goblin comes into view.
She is wielding a +0 club and carrying a wand of digging (7).
The orc hits you with a +0 war axe!
Casting: Scorch (safe; 4% risk of failure)
Confirm with . or Enter, or press ? or * to list all spells.
Flames lash the orc.
The orc is almost dead.
The orc's fire resistance burns away.
Ijyb shouts!
The orc hits you with a +0 war axe.
* * * LOW HITPOINT WARNING * * *
Casting: Scorch (safe; 4% risk of failure)
Confirm with . or Enter, or press ? or * to list all spells.
Flames lash the orc.
The orc is almost dead.
The orc's fire resistance burns away.
* * * LOW HITPOINT WARNING * * *
Ijyb zaps a wand.
Some rock shatters into small pieces.
The orc hits you with a +0 war axe!
You die...
Your body crumbles into a pile of gold.

#.# #... ######.##
.... #.......# .....
####.####### .....
#....# ...... #.####
......#######.#
.....go.......#
....$.o@......#
.....###'''#### ...
##≈≈...≈≈## .
##≈≈#...#≈≈##
##≈≈#.#.#.#≈≈##
##≈≈#...#...#≈≈##
##≈≈#.#.#.#.#.#≈≈##
##≈≈#...#.⌠.#...#≈≈##
#≈≈#.#.#.#.#.#.#.#≈≈#


You could see Ijyb and 2 orcs.

Vanquished Creatures
  An orc wizard (D:3)
  5 adders (D:2)
  A worm (D:2)
  A dart slug (D:2)
  An orc (D:3)
  5 endoplasms
  4 giant cockroaches
  5 goblins
  3 hobgoblins
  3 quokkas (D:2)
  7 ball pythons
  5 bats
  5 frilled lizards
  8 kobolds
  8 rats
62 creatures vanquished.

Vanquished Creatures (collateral kills)
  7 foxfires (D:2)
7 creatures vanquished.

Vanquished Creatures (others)
  192 foxfires
  11 plants (D:2)
203 creatures vanquished.

Grand Total: 272 creatures vanquished

Notes
Turn   | Place    | Note
-------+----------+-------------------------------------------
     0 | D:1      | robertstho the Djinni Fire Elementalist began the quest for
                  | the Orb.
     0 | D:1      | Reached XP level 1. HP: 15/15 MP: 0/0
   288 | D:1      | Reached XP level 2. HP: 15/21 MP: 0/0
  1018 | D:1      | Found a faded altar of an unknown god.
  1082 | D:1      | Reached skill level 3 in Spellcasting
  1237 | D:2      | Found an opulent altar of Gozag.
  1246 | D:2      | Reached XP level 3. HP: 17/25 MP: 0/0
  1246 | D:2      | Learned a level 1 spell: Freeze
  1254 | D:2      | Became a worshipper of Gozag Ym Sagoz the Greedy
  1829 | D:2      | Reached XP level 4. HP: 27/31 MP: 0/0
  1943 | D:2      | Reached skill level 1 in Fighting
  2644 | D:2      | Reached XP level 5. HP: 13/37 MP: 0/0
  2644 | D:2      | Learned a level 2 spell: Corpse Rot
  3241 | D:3      | Reached skill level 4 in Spellcasting
  3241 | D:3      | Noticed Ijyb
  3243 | D:3      | Slain by an orc

Illustrated notes

Levels and vault maps discovered:
D:1:      dpeg_arrival_solitude, layout_loops_ring,
          shapermc_ecumenical_altar_pompeii
D:2:      minmay_diamond_boxcup, layout_basic, basic_altar, serial_bayou,
          serial_bayou_shore_a, serial_bayou_shore_b, serial_bayou_pond_b,
          serial_bayou_shore_b, minmay_cut_off
D:3:      layout_basic, okawaru_altar_gauntlet_db, gammafunk_ghost_necromancy,
          minmay_gold_behind_fungi, kennysheep_cluttered_room, uniq_ijyb,
          uniq_grinder, uniq_robin

Skill      XL: |  1  2  3  4  5 |
---------------+----------------+-----
Spellcasting   | 3 4 |  4.1
Stealth        | 2 |  2.0
Fighting       | 1 |  1.1
Dodging        | |  2.2

Action                   |  1- 3 |  4- 6 || total
-------------------------+-------+-------++-------
 Cast: Foxfire           |    71 |    54 ||   125
       Scorch            |     4 |    16 ||    20
Armor: Robe              |     1 |     1 ||     2
Dodge: Dodged            |     6 |     6 ||    12

Table legend: (Time is in decaauts)
 A = Elapsed time spent in this place.
 B = Non-inter-level travel time spent in this place.
 C = Inter-level travel time spent in this place.
 D = Time resting spent in this place.
 E = Time spent auto-exploring this place.
 F = Levels seen in this place.
 G = Mean time per level.
                   A        B        C        D        E       F      G
               +--------+--------+--------+--------+--------+-----+--------+
         Total |   3242 |   3208 |     34 |      0 |   2902 |   3 | 1080.7 |
       Dungeon |   3242 |   3208 |     34 |      0 |   2902 |   3 | 1080.7 |
               +--------+--------+--------+--------+--------+-----+--------+

Top non-repeatable levels by time:
     D:2: 1897 daAuts
     D:1: 1230 daAuts
     D:3: 114 daAuts
